 Dungeon Crawl Stone Soup version 0.28-a0-1382-g92835e5c71 (webtiles) character file.

Game seed: 983177825446323034

19070 nomicflux the Destroyer (level 12, -5/95 HPs)
             Began as a Grey Draconian Conjurer on Jan 1, 2022.
             Was a Priest of Vehumet.
             Hit by a javelin thrown by a minotaur (21 damage)
             ... in a Gauntlet.
             The game lasted 01:09:14 (22271 turns).

nomicflux the Destroyer (Grey Draconian Conjurer)  Turns: 22271, Time: 01:09:14

Health: -5/95      AC: 21    Str: 11    XL:     12   Next: 33%
Magic:  12/25      EV: 12    Int: 22    God:    Vehumet [***...]
Gold:   856        SH:  0    Dex: 10    Spells: 6/29 levels left

rFire   . . .      SeeInvis +   y - +0 halberd "Gakk" {flame, rCorr}
rCold   . . .      Faith    .   (shield currently unavailable)
rNeg    . . .      Spirit   .   (armour unavailable)
rPois   .          Reflect  .   (helmet restricted)
rElec   .          Harm     .   k - +1 cloak
rCorr   +          Rampage  .   (no gloves)
Will    .....      Clarity  +   b - +1 pair of boots "Sokhi" {+Inv}
Stlth   ++........ NoTele   +   (no amulet)
HPRegen 0.25/turn               v - +4 ring of protection
MPRegen 0.19/turn               J - ring "Eruz" {Slay+5 SInv}

@: brilliant
A: AC +13, amphibious, unfitting armour, cold-blooded, clarity, frail 1
a: Renounce Religion, Evoke Invisibility


You were in a Gauntlet.
You worshipped Vehumet.
Vehumet was most pleased with you.
You visited 3 branches of the dungeon, and saw 13 of its levels.
You also visited: Ossuary and Gauntlet.

You collected 856 gold pieces.

Inventory:

Hand Weapons
 y - the +0 halberd "Gakk" (weapon) {flame, rCorr}
   (You found it on level 5 of the Dungeon)

   It burns those it strikes, dealing additional fire damage.
   Big, fiery blades are also staple armaments of hydra-hunters.
   rCorr:     It protects you from acid and corrosion.
Missiles
 o - 2 throwing nets
Armour
 b - the +1 pair of boots "Sokhi" (worn) {+Inv}
   (You acquired it on level 4 of the Dungeon)

   +Inv:      It lets you turn invisible.
 k - a +1 cloak (worn)
 m - an orb of wrath
 q - a +0 buckler
Jewellery
 a - a ring of fire
 v - a +4 ring of protection (left hand)
 J - the ring "Eruz" (right hand) {Slay+5 SInv}
   (You found it in a Gauntlet)

   [ring of see invisible]

   Slay:      It affects your accuracy & damage with ranged weapons and melee
   (+5).
   SInv:      It lets you see invisible.
 L - an amulet of faith
Wands
 j - a wand of polymorph (18)
 p - a wand of iceblast (3)
 E - a wand of flame (18)
 F - a wand of paralysis (9)
 G - a wand of acid (2)
Scrolls
 l - 2 scrolls of teleportation
 n - a scroll of magic mapping
 r - a scroll of blinking
 u - a scroll of enchant armour
 x - a scroll of torment
 A - a scroll of fog
 D - a scroll of amnesia
 H - 2 scrolls of identify
 K - a scroll of summoning {unknown}
Potions
 c - a potion of cancellation
 d - a potion of heal wounds
 e - a potion of curing
 f - 3 potions of degeneration {unknown}
 g - 2 potions of ambrosia
 h - 5 potions of flight
 i - 2 potions of attraction
 s - 2 potions of berserk rage
 t - a potion of brilliance
 w - a potion of might {unknown}
 z - 2 potions of mutation
 B - 2 potions of haste
 C - 3 potions of lignification
 I - a potion of resistance {unknown}


   Skills:
 + Level 10.2 Fighting
 - Level 1.7 Dodging
 - Level 1.7 Stealth
 + Level 3.3 Shields
 + Level 9.2 Spellcasting
 + Level 10.7 Conjurations
 + Level 5.9 Translocations
 + Level 4.9 Fire Magic
 + Level 10.2 Earth Magic


You had 6 spell levels left.
You knew the following spells:

 Your Spells              Type           Power      Damage    Failure   Level
a - Magic Dart            Conj           100%       1d8       1%          1
b - Searing Ray           Conj           100%       2d8       1%          2
c - Iron Shot             Conj/Erth      35%        9d7       4%          6
d - Teleport Other        Tloc           53%        N/A       1%          3
e - Flame Wave            Conj/Fire      61%        2d10      1%          4
f - Fulminant Prism       Conj/Hex       25%        3d14      1%          4
g - Stone Arrow           Conj/Erth      100%       3d13      1%          3

Your spell library contained the following spells:

 Spells                   Type           Power      Damage    Failure   Level
 Ignite Poison            Fire/Tmut/Pois 26%        N/A       2%          3
 Apportation              Tloc           100%       N/A       1%          1
 Foxfire                  Conj/Fire      100%       2x1d9     1%          1
 Blink                    Tloc           100%       N/A       1%          2
 Conjure Flame            Conj/Fire      61%        6-21      1%          3
 Dazzling Flash           Conj/Hex       100%       N/A       1%          3
 Gell's Gravitas          Tloc           53%        N/A       1%          3
 Inner Flame              Hex/Fire       31%        N/A       1%          3
 Iskenderun's Mystic Bla  Conj/Tloc      63%        2d13      1%          4
 Animate Skeleton         Necr           30%        N/A       7%          1
 Summon Small Mammal      Summ           60%        N/A       7%          1
 Ensorcelled Hibernation  Hex/Ice        30%        N/A       10%         2
 Manifold Assault         Tloc           53%        N/A       16%         5
 Ozocubu's Armour         Ice            15%        N/A       21%         3
 Spider Form              Tmut/Pois      15%        N/A       21%         3
 Dispersal                Tloc           26%        N/A       65%         6
 Agony                    Necr           15%        N/A       88%         5
 Blade Hands              Tmut           7%         N/A       88%         5
 Silence                  Hex/Air        7%         N/A       88%         5
 Ozocubu's Refrigeration  Ice            7%         4d6       100%        7
 Storm Form               Tmut/Air       7%         N/A       100%        7
 Disjunction              Tloc           26%        N/A       100%        8
 Animate Armour           Summ/Erth      Unusable   N/A       N/A         4

Dungeon Overview and Level Annotations

Branches:
Dungeon (10/15)            Temple (1/1) D:5            Lair (2/6) D:8
 Spider (0/4) Lair:2          Orc (0/2) D:9         Ossuary (visited)
Gauntlet (1/1)
  Swamp: Lair:2-4    Shoals: Lair:2-4     Snake: Lair:2-4

Altars:
Ashenzari
Cheibriados
Dithmenos
Elyvilon
Fedhas
Gozag
Hepliaklqana
Kikubaaqudgha
Makhleb
Nemelex Xobeh
Okawaru
Qazlal
Ru
Sif Muna
Trog
Uskayaw
Vehumet
Wu Jian
Xom
Yredelemnul
Zin
The Shining One

Shops:
D:7 *

Annotations:
Gauntlet 8 transporters, 2 runed translucent doors, exclusions: oklob plant and 1 more exclusion


Innate Abilities, Weirdness & Mutations

Your dull iron-grey scales are very hard. (AC +13)
You are amphibious.
You cannot fit into any form of body armour.
You are cold-blooded and may be slowed by cold attacks.
You possess an exceptional clarity of mind.
You are frail. (-10% HP)


Message History

Aim: a moth of wrath shaped shifter (almost dead, 78% to hit)
You feel a surge of power!
The stone arrow hits the moth of wrath!
You kill the moth of wrath!
Vehumet accepts your kill.
The fire bat bites you but does no damage.
The minotaur hits you but does no damage.
The minotaur gores you but does no damage.
The fire bat closely misses you.
Casting: Stone Arrow (safe; 1% risk of failure)
Confirm with . or Enter, or press ? or * to list all spells.
Aiming: Stone Arrow (safe; 1% risk of failure)
Press: ? - help, Shift-Dir - straight line, f - fire bat
Aim: a fire bat shaped shifter (berserk, 66% to hit)
You feel a surge of power!
The stone arrow hits the fire bat!
The fire bat is heavily wounded.
The fire bat bites you but does no damage.
The minotaur hits you with a +5 vorpal broad axe.
The minotaur gores you!
* * * LOW HITPOINT WARNING * * *
You feel much better. The fire bat barely misses you.
The minotaur hits you with a +5 vorpal broad axe!!
* * * LOW HITPOINT WARNING * * *
x2 The minotaur gores you!
* * * LOW HITPOINT WARNING * * *
The fire bat bites you but does no damage.
You feel much better. The fire bat bites you.
You are engulfed in flames!
* * * LOW HITPOINT WARNING * * *
The fire bat bites you but does no damage.
The minotaur hits you with a +5 vorpal broad axe!
* * * LOW HITPOINT WARNING * * *
x2 The minotaur gores you but does no damage.
Casting: Stone Arrow (safe; 1% risk of failure)
Confirm with . or Enter, or press ? or * to list all spells.
Aiming: Teleport Other (safe; 1% risk of failure)
Press: ? - help, Shift-Dir - straight line, f - minotaur, p - fire bat
Aim: a minotaur, wielding a +5 vorpal broad axe, wearing +0 gold dragon scales, wearing a +1 kite shield of poison resistance, wearing the ring of Starshine {Fire rElec Dex+3} and quivering javelins (chance to affect: 18%)
Okay, then.
The fire bat changes into a scorpion!
The minotaur throws a javelin.
The javelin pierces through you!!
You die...

###...###...≈##...#
###.N.###.P.###.♣.###
#..+##.##.♣..##.....
#..#©#.©#..P..#.♣.###
#..##'}##...♣.#......
###J.!###...P.#.©s#.#
###...###.....#..H#
#########.....#.©†#
...........∩..#.@.#
#########.....#.©.#
##3#3#.##.....#...#
#.#.#.#.#...P.#.©.#
##.#.#[##...♣.#......
#.#.#.#©#.P...#.♣.###
##.#©#|##.♣..##.....
#.#.#.#$#.P.###.♣.###
##.#.#.##...≈##...#


You could see a minotaur and a scorpion shaped shifter.

Vanquished Creatures
  A fire dragon (D:8)
  A boulder beetle (D:8)
  A death knight (D:8)
  A centaur warrior (D:8)
  3 two-headed ogres
  An ugly thing (D:8)
  A shining eye (Gauntlet)
  A moth of wrath (shapeshifter) (Gauntlet)
  2 black mambas
  4 cane toads
  Maggie (D:7)
  3 komodo dragons (Lair:1)
  3 slime creatures (D:10)
  A wraith (D:8)
  25 yaks
  A redback (Lair:2)
  2 wyverns
  A golden eye (Gauntlet)
  A steam dragon (D:7)
  6 water moccasins
  An ice beast (D:8)
  A hornet zombie (D:8)
  7 orc warriors
  3 sky beasts
  3 necrophages
  2 black bears
  4 centaurs
  3 wolves (Lair:1)
  4 ogres
  2 phantoms (D:5)
  3 bullfrogs
  3 kobold brigands
  3 scorpions (D:4)
  9 killer bees
  4 wights (D:8)
  5 howler monkeys
  An electric eel (D:10)
  2 crimson imps (Gauntlet)
  A bullfrog zombie (D:5)
  5 centaur zombies
  A jelly (D:6)
  3 gnoll shamans
  5 orc priests
  A centaur skeleton (D:6)
  2 iguanas
  Ijyb (D:3)
  11 orc wizards
  A killer bee zombie (D:8)
  A hound skeleton (D:4)
  9 mummies
  17 gnolls
  7 adders
  A shadow imp (D:8)
  2 white imps
  2 ufetubi (D:4)
  A worm (D:2)
  A dart slug (D:4)
  54 orcs
  6 endoplasms
  5 giant cockroaches
  2 gnoll zombies (Ossuary)
  7 goblins
  5 hobgoblins
  3 jackals (D:3)
  9 kobolds
  5 quokkas
  8 ball pythons
  4 bats
  4 frilled lizards
  2 hobgoblin zombies (Ossuary)
  3 kobold zombies (Ossuary)
  An orc zombie (Ossuary)
  6 rats
316 creatures vanquished.

Vanquished Creatures (others)
  13 fulminant prisms
  7 fungi
  5 plants (Lair:1)
25 creatures vanquished.

Grand Total: 341 creatures vanquished

Notes
Turn   | Place    | Note
-------+----------+-------------------------------------------
     0 | D:1      | nomicflux the Draconian Conjurer began the quest for the
                  | Orb.
     0 | D:1      | Reached XP level 1. HP: 14/14 MP: 3/3
   331 | D:1      | Reached XP level 2. HP: 20/20 MP: 1/5
   388 | D:1      | Found a faded altar of an unknown god.
   435 | D:1      | You fall into a shaft and drop 1 floor!
   584 | D:1      | Learned a level 2 spell: Searing Ray
  1423 | D:2      | Reached XP level 3. HP: 26/26 MP: 0/6
  1817 | D:2      | Reached skill level 5 in Conjurations
  2089 | D:2      | Noticed a necrophage
  2448 | D:3      | Found a sacrificial altar of Ru.
  2546 | D:3      | Noticed Ijyb
  2843 | D:2      | Reached XP level 4. HP: 28/33 MP: 0/8
  3470 | D:3      | Reached skill level 1 in Fighting
  3537 | D:3      | Reached XP level 5. HP: 32/40 MP: 0/9
  4313 | D:3      | Killed Ijyb
  4379 | D:4      | Identified a scroll of acquirement
  4379 | D:4      | Acquired the +1 pair of boots "Sokhi" {+Inv}
  4545 | D:4      | Reached XP level 6. HP: 24/50 MP: 0/11
  4630 | D:4      | Found a stormy altar of Qazlal.
  4632 | D:4      | Found a hazy altar of Hepliaklqana.
  4657 | D:4      | Found a sand-covered staircase.
  4724 | Ossuary  | Entered an ossuary
  5671 | D:4      | Your scales start taking on a dull iron-grey colour.
  5671 | D:4      | Reached XP level 7. HP: 57/57 MP: 4/13
  5680 | D:4      | Learned a level 6 spell: Iron Shot
  6681 | D:4      | Found an ornate altar of the Wu Jian Council.
  6683 | D:4      | Found a snail-covered altar of Cheibriados.
  6776 | D:5      | Entered Level 5 of the Dungeon
  6783 | D:5      | Reached skill level 1 in Earth Magic
  7327 | D:5      | Reached skill level 5 in Spellcasting
  7327 | D:5      | Reached XP level 8. HP: 67/67 MP: 10/15
  7560 | D:5      | Identified the +0 halberd "Gakk" {flame, rCorr}
  7580 | D:5      | Reached skill level 5 in Fighting
  8266 | D:5      | Found a staircase to the Ecumenical Temple.
  8272 | Temple   | Entered the Ecumenical Temple
  8341 | Temple   | Became a worshipper of Vehumet
  8641 | D:5      | Identified the +0 scale mail "Jesus" {+Inv rElec rF- Int+5}
  8738 | D:6      | Learned a level 3 spell: Teleport Other
  8850 | D:6      | Reached skill level 1 in Translocations
  9627 | D:6      | Reached XP level 9. HP: 72/75 MP: 9/18
  9633 | D:6      | Learned a level 4 spell: Iskenderun's Mystic Blast
  9854 | D:7      | Noticed Maggie
  9855 | D:7      | Reached skill level 5 in Earth Magic
 10329 | D:7      | Noticed a boulder beetle
 11352 | D:7      | Found Zin's Purification Station.
 11366 | D:7      | Found a glowing silver altar of Zin.
 11687 | D:7      | Killed Maggie
 12047 | D:8      | Found a staircase to the Lair.
 12050 | D:8      | Noticed a fire dragon
 12700 | D:9      | Noticed a two-headed ogre
 12711 | D:9      | Killed a two-headed ogre
 12712 | D:9      | Reached XP level 10. HP: 86/86 MP: 7/20
 12726 | D:9      | Reached * piety under Vehumet
 12726 | D:9      | Offered knowledge of Sandblast by Vehumet.
 13760 | D:9      | Reached ** piety under Vehumet
 13760 | D:9      | Offered knowledge of Shock by Vehumet.
 13990 | D:9      | Found a staircase to the Orcish Mines.
 14046 | D:9      | Learned a level 4 spell: Fulminant Prism
 14512 | D:9      | Learned a level 4 spell: Flame Wave
 14704 | D:10     | Entered Level 10 of the Dungeon
 14895 | D:10     | Noticed a two-headed ogre
 14912 | D:10     | Killed a two-headed ogre
 14964 | D:9      | Reached skill level 5 in Translocations
 16941 | D:8      | Identified the +1 leather armour of Fuzzy Birdsong {-Cast
                  | rElec rPois Str+6}
 16979 | D:8      | Reached skill level 1 in Fire Magic
 16979 | D:8      | Reached XP level 11. HP: 95/95 MP: 18/22
 17035 | D:8      | Offered knowledge of Stone Arrow by Vehumet.
 17169 | D:8      | Learned a level 3 spell: Stone Arrow
 17229 | D:8      | Noticed a two-headed ogre
 17237 | D:8      | Killed a two-headed ogre
 17386 | D:8      | Reached *** piety under Vehumet
 17486 | D:8      | Noticed a centaur warrior
 17518 | D:8      | Killed a centaur warrior
 17911 | D:8      | Noticed a white ugly thing
 17930 | D:8      | Killed a white ugly thing
 17931 | D:8      | Reached skill level 10 in Conjurations
 18066 | D:8      | Noticed a death knight
 18139 | D:8      | Killed a death knight
 18208 | D:8      | Noticed a boulder beetle
 18426 | D:8      | Killed a boulder beetle
 18613 | D:8      | Reached skill level 1 in Shields
 19623 | D:8      | Killed a fire dragon
 19790 | Lair:1   | Entered Level 1 of the Lair of Beasts
 20038 | Lair:1   | Offered knowledge of Ignite Poison by Vehumet.
 20301 | Lair:1   | Reached XP level 12. HP: 94/106 MP: 17/24
 20379 | Lair:1   | Reached skill level 10 in Fighting
 20922 | Lair:1   | Reached skill level 10 in Earth Magic
 21514 | Lair:2   | Found a hole to the Spider Nest.
 21602 | Lair:2   | Found a gate leading to a gauntlet.
 21613 | Gauntlet | Entered a Gauntlet
 21613 | Gauntlet | Found a transporter.
 21778 | Gauntlet | Found a transporter.
 21780 | Gauntlet | Found a transporter.
 21796 | Gauntlet | Found a transporter.
 21798 | Gauntlet | Found a transporter.
 21804 | Gauntlet | Noticed a death scarab
 21808 | Gauntlet | Noticed a death scarab
 21812 | Gauntlet | Found a transporter.
 21829 | Gauntlet | Found a transporter.
 21844 | Gauntlet | Found a runed translucent door.
 21845 | Gauntlet | Found a transporter.
 21846 | Gauntlet | Found a runed translucent door.
 21852 | Gauntlet | Found a transporter.
 21853 | Gauntlet | Found a transporter.
 21887 | Gauntlet | Found a transporter.
 21892 | Gauntlet | Found a transporter.
 21924 | Gauntlet | Found a transporter.
 21928 | Gauntlet | Found a runed translucent door.
 21959 | Gauntlet | Found a transporter.
 22094 | Gauntlet | Gained mutation: You are frail. (-10% HP) [a shining eye]
 22096 | Gauntlet | Gained mutation: You are weak. (Str -2) [a shining eye]
 22112 | Gauntlet | Gained mutation: You are very frail. (-20% HP) [a shining
                  | eye]
 22126 | Gauntlet | Identified the ring "Eruz" {Slay+5 SInv}
 22131 | Gauntlet | Lost mutation: You are very frail. (-20% HP) [potion of
                  | mutation]
 22131 | Gauntlet | Lost mutation: You are weak. (Str -2) [potion of mutation]
 22131 | Gauntlet | Gained mutation: You possess an exceptional clarity of
                  | mind. [potion of mutation]
 22164 | Gauntlet | Upgraded the game from 0.28-a0-1374-ga75cb3825e to
                  | 0.28-a0-1382-g92835e5c71
 22179 | Gauntlet | Noticed an anaconda
 22179 | Gauntlet | a sea snake changed into an anaconda
 22188 | Gauntlet | an anaconda changed into a glowing orange brain
 22264 | Gauntlet | Identified the ring of Starshine {Fire rElec Dex+3}
 22264 | Gauntlet | Noticed a minotaur
 22271 | Gauntlet | Hit by a javelin thrown by a minotaur

Illustrated notes

Levels and vault maps discovered:
D:1:      dpeg_arrival_another_circle, layout_basic,
          chequers_ecumenical_altar_simple_redux, minmay_heptomino_h4
D:2:      layout_loops_ring
D:3:      layout_loops_corners, mainiacjoe_overflow_brackets, uniq_ijyb
D:4:      layout_loops_ring, nicolae_overflow_hidden_temple,
          gup_ossuary_entry_pyramid
D:5:      layout_basic, minmay_temple_entry_enclosed_plants,
          hangedman_decor_clover_reticule
D:6:      layout_loops_ring
D:7:      layout_loops_cross, zin_purify, uniq_maggie
D:8:      nzn_winding_woodlands_medium [nzn_winding_woodlands_5x5_three,
          nzn_winding_woodlands_5x15_pool, nzn_winding_woodlands_5x5_open_star,
          nzn_winding_woodlands_hourglass,
          nzn_winding_woodlands_center_triple_pond,
          nzn_winding_woodlands_5x5_cross,
          nzn_winding_woodlands_5x5_closed_star,
          nzn_winding_woodlands_5x15_sawtooth,
          nzn_winding_woodlands_5x5_checkerboard], layout_basic,
          minmay_lair_entry_lava
D:9:      layout_basic, hiddenorc1_lemuel
D:10:     layout_basic
Temple:   lightli_temple_of_artemis
Lair:1:   layout_regular_city, chequers_serial_rivers_small_b,
          grunt_megastairs_1
Lair:2:   layout_small_grid, spider_nest_entry_a, gauntlet_entry_generic
Gauntlet: minmay_gauntlet_77_tree [minmay_gauntlet_arena_77_p_blocks,
          minmay_gauntlet_arena_77_mirror, minmay_gauntlet_arena_77_squiggly,
          minmay_gauntlet_arena_77_fan, minmay_gauntlet_arena_77_checkered,
          minmay_gauntlet_arena_77_cramped, minmay_gauntlet_arena_77_path,
          nicolae_gauntlet_exit_dead_adventurers]

Skill      XL: |  1  2  3  4  5  6  7  8  9 10 11 12 |
---------------+-------------------------------------+-----
Conjurations   | 5 6 7 8 9 10 | 10.7
Spellcasting   | 3 4 5 6 7 8 9 |  9.2
Fighting       | 1 2 3 4 6 7 8 9 10 | 10.2
Earth Magic    | 2 4 6 8 9 10 | 10.2
Translocations | 1 4 5 |  5.9
Fire Magic     | 1 4 |  4.9
Shields        | 2 3 |  3.3
Dodging        | |  1.7
Stealth        | |  1.7

Action                   |  1- 3 |  4- 6 |  7- 9 | 10-12 || total
-------------------------+-------+-------+-------+-------++-------
Melee: Dagger            |    27 |       |       |       ||    27
       Tailslap          |     1 |       |       |     7 ||     8
       Flail             |       |     3 |     2 |       ||     5
       Unarmed           |       |       |    18 |       ||    18
       Halberd           |       |       |     1 |    76 ||    77
 Cast: Magic Dart        |    62 |     7 |       |       ||    69
       Searing Ray       |    11 |    47 |    86 |    63 ||   207
       Iskenderun's Myst |       |       |     4 |     5 ||     9
       Flame Wave        |       |       |       |    34 ||    34
       Fulminant Prism   |       |       |       |    13 ||    13
       Stone Arrow       |       |       |       |   116 ||   116
       Teleport Other    |       |       |       |     3 ||     3
  Use: Potion            |     1 |       |     1 |    13 ||    15
       Scroll            |       |     6 |     6 |    13 ||    25
 Stab: Confused          |       |       |     1 |       ||     1
       Distracted        |       |       |       |     2 ||     2
Armor: Skin              |    19 |    21 |   114 |   220 ||   374
Dodge: Dodged            |    40 |    20 |   130 |   218 ||   408

Table legend: (Time is in decaauts)
 A = Elapsed time spent in this place.
 B = Non-inter-level travel time spent in this place.
 C = Inter-level travel time spent in this place.
 D = Time resting spent in this place.
 E = Time spent auto-exploring this place.
 F = Levels seen in this place.
 G = Mean time per level.
                   A        B        C        D        E       F      G
               +--------+--------+--------+--------+--------+-----+--------+
         Total |  22332 |  21603 |    729 |   9112 |   6749 |  15 | 1488.8 |
       Dungeon |  18978 |  18277 |    701 |   7684 |   6071 |  10 | 1897.8 |
        Temple |     83 |     69 |     14 |      0 |      0 |   1 |   83.0 |
          Lair |   1833 |   1819 |     14 |    826 |    549 |   2 |  916.5 |
       Ossuary |    775 |    775 |      0 |    431 |    129 |   1 |  775.0 |
      Gauntlet |    661 |    661 |      0 |    171 |      0 |   1 |  661.0 |
               +--------+--------+--------+--------+--------+-----+--------+

Top non-repeatable levels by time:
     D:9: 2969 daAuts
     D:8: 2891 daAuts
     D:6: 2041 daAuts
     D:4: 1962 daAuts
     D:7: 1740 daAuts
  Lair:1: 1724 daAuts
     D:3: 1661 daAuts
    D:10: 1487 daAuts
     D:5: 1464 daAuts
     D:1: 1380 daAuts
     D:2: 1379 daAuts
 Ossuary: 775 daAuts
Gauntlet: 661 daAuts
  Lair:2: 109 daAuts
  Temple: 83 daAuts
